[Event "FIDE World Rapid-ch Open 2018"]
[White "Sokolov, Andrei"]
[Black "Gurvich, Vitaly"]
[Site "St. Petersburg"]
[Round "10.95"]
[Annotator "ChessBase"]
[Result "1/2-1/2"]
[Date "2018.12.27"]
[WhiteElo "2532"]
[BlackElo "2270"]
[PlyCount "134"]
[TimeControl "900+10"]

1. c4 Nf6 2. Nc3 e6 3. Nf3 Bb4 4. Qc2 0-0 5. a3 Bxc3 6. Qxc3 a5 7. e3 d6 8. b3 b6 9. Be2 Bb7 10. 0-0 Nbd7 11. d3 c5 12. Bb2 Qe7 13. b4 e5 14. Rfe1 Rfe8 15. Nd2 h6 16. Bf3 Bxf3 17. Nxf3 Nf8 18. bxc5 bxc5 19. a4 Qb7 20. Rab1 Qc6 21. Qc2 e4 22. Nd2 exd3 23. Qxd3 Ne4 24. Nxe4 Qxe4 25. Qc3 Ne6 26. Ba1 Reb8 27. Rb5 Rxb5 28. axb5 d5 29. cxd5 Qxd5 30. h3 a4 31. b6 Rb8 32. Rb1 Qa2 33. Rb5 Qe2 34. Rb1 Qa6 35. f4 Rxb6 36. Rxb6 Qxb6 37. f5 Qb1+ 38. Kh2 Qxf5 39. Qc4 a3 40. Qa6 Qe4 41. Qxa3 c4 42. Qa6 Qd5 43. Qa3 h5 44. Qc3 Qd6+ 45. Kg1 Qd1+ 46. Kf2 Qd5 47. Qe5 Qxe5 48. Bxe5 f6 49. Ba1 Kf7 50. e4 Nf4 51. Kf3 Nd3 52. Ke3 g5 53. Bc3 Ke6 54. g3 Ne5 55. Kd4 Kf7 56. Kd5 Nf3 57. Kxc4 Ng1 58. h4 gxh4 59. gxh4 Nf3 60. Kd5 Nxh4 61. e5 fxe5 62. Kxe5 Kg6 63. Kf4 Ng2+ 64. Kf3 Nh4+ 65. Kf4 Nf5 66. Be1 h4 67. Bxh4 Nxh4 1/2-1/2

[Event "FIDE World Rapid-ch Open 2018"]
[White "Bilguun, Sumiya"]
[Black "Al Thebaiti, Ahmed M"]
[Site "St. Petersburg"]
[Round "10.96"]
[Annotator "ChessBase"]
[Result "1-0"]
[Date "2018.12.27"]
[WhiteElo "2497"]
[BlackElo "1976"]
[PlyCount "49"]
[TimeControl "900+10"]

1. e4 c6 2. Nf3 d5 3. Nc3 dxe4 4. Nxe4 Nf6 5. Ng3 h5 6. h4 Bg4 7. Be2 e6 8. Ng5 Bd6 9. N3e4 Nxe4 10. Nxe4 Be7 11. Bxg4 hxg4 12. Qxg4 Rxh4 13. Rxh4 Bxh4 14. Qxg7 Be7 15. Qg8+ Bf8 16. d3 Na6 17. Bg5 Qa5+ 18. c3 Qe5 19. f4 Qa5 20. Nf6+ Ke7 21. Nh7+ Kd6 22. Nxf8 Nc5 23. Qxf7 Nxd3+ 24. Ke2 Nxb2 25. Be7+ 1-0

[Event "FIDE World Rapid-ch Open 2018"]
[White "Chen, Qi b"]
[Black "Guimaraes, Diogo Duarte"]
[Site "St. Petersburg"]
[Round "10.97"]
[Annotator "NA"]
[Result "1-0"]
[Date "2018.12.27"]
[WhiteElo "2437"]
[BlackElo "2278"]
[PlyCount "157"]
[TimeControl "900+10"]

1. e4 e5 2. Nf3 Nc6 3. Bb5 Nf6 4. 0-0 Bc5 5. Bxc6 dxc6 6. d3 Bd6 7. Nbd2 Be6 8. Nb3 0-0 9. Ng5 Bd7 10. h3 a5 11. a4 h6 12. Nf3 Be6 13. Nbd2 Nd7 14. b3 f6 15. Nc4 Nb6 16. Ne3 Nc8 17. Nh4 Ne7 18. Bd2 Kh7 19. Qe2 Qd7 20. Nc4 b6 21. Nf3 Bc5 22. Be3 Bxe3 23. fxe3 Ng6 24. Qf2 c5 25. Qg3 Qe8 26. Ncd2 Ne7 27. Nh4 Qh5 28. Rf2 Qg5 29. Kh2 Nc6 30. Qxg5 hxg5 31. Nhf3 g4 32. hxg4 Bxg4 33. Kg3 Be6 34. Rh1+ Kg6 35. Nb1 Rh8 36. Rff1 Nb4 37. Na3 Rad8 38. Rxh8 Rxh8 39. d4 cxd4 40. exd4 exd4 41. Nxd4 Bc8 42. Ndb5 Re8 43. Re1 Re7 44. Kf4 Bb7 45. g4 Kf7 46. Kf3 g6 47. Kf4 g5+ 48. Kf3 Rd7 49. Ke3 c6 50. Nd4 Re7 51. Nf5 Re6 52. Rd1 Bc8 53. Nd6+ Rxd6 54. Rxd6 Bxg4 55. Rd8 f5 56. c3 f4+ 57. Kf2 Na6 58. Nc4 Ke7 59. Rg8 Nc5 60. Nd2 Kf6 61. Rb8 Nd7 62. Rb7 Be6 63. b4 g4 64. bxa5 bxa5 65. Ra7 Ne5 66. Rxa5 Nd3+ 67. Kg2 Ne1+ 68. Kf1 Nd3 69. Ra6 Bd7 70. Ra7 Be6 71. a5 f3 72. a6 Nc5 73. Kf2 Ke5 74. Kg3 Nb3 75. Nxb3 Bxb3 76. Re7+ Kd6 77. Rb7 f2 78. Kxf2 Bc2 79. a7 {[%emt 0:0:2] Kd5} 1-0

[Event "FIDE World Rapid-ch Open 2018"]
[White "Yeritsyan, Aram"]
[Black "Ahmed Hassan Abdillahi"]
[Site "St. Petersburg"]
[Round "10.98"]
[Annotator "NA"]
[Result "1-0"]
[Date "2018.12.27"]
[WhiteElo "2372"]
[BlackElo "1570"]
[PlyCount "87"]
[TimeControl "900+10"]

1. e4 c5 2. Nf3 g6 3. d4 cxd4 4. Nxd4 Nc6 5. c4 Bg7 6. Be3 Nf6 7. Nc3 Qa5 8. f3 0-0 9. Qd2 d6 10. Be2 Bd7 11. 0-0 Rac8 12. Rfd1 Ne5 13. Nd5 Qxd2 14. Nxe7+ Kh8 15. Rxd2 Nxc4 16. Nxc8 Nxd2 17. Nxd6 b5 18. Bxd2 Ne8 19. N4xb5 Nxd6 20. Nxd6 Bxb2 21. Rb1 Bd4+ 22. Kf1 Be6 23. Bc4 Bxc4+ 24. Nxc4 Rc8 25. Nd6 Rc2 26. Rb8+ Kg7 27. Ne8+ Kf8 28. Bb4+ Bc5 29. Bxc5+ Rxc5 30. Kf2 Rc2+ 31. Kg3 Rxa2 32. e5 Ke7 33. Nf6 Ke6 34. Kf4 Ra4+ 35. Ne4 Ra2 36. Ng5+ Kd5 37. Rd8+ Kc5 38. Nxf7 Rxg2 39. e6 Re2 40. Ne5 g5+ 41. Kf5 g4 42. e7 gxf3 43. e8=Q f2 44. Qc6+ {[%emt 0:0:19] Kd5} 1-0

[Event "FIDE World Rapid-ch Open 2018"]
[White "Masrahi, Abdulrahman A"]
[Black "Alsulaymi, Abdullah M"]
[Site "St. Petersburg"]
[Round "10.99"]
[Annotator "NA"]
[Result "1-0"]
[Date "2018.12.27"]
[WhiteElo "1903"]
[BlackElo "1833"]
[PlyCount "119"]
[TimeControl "900+10"]

1. d4 c5 2. d5 Nf6 3. Nc3 d6 4. e4 g6 5. Nf3 Bg7 6. Be2 0-0 7. 0-0 Nbd7 8. Bf4 Nh5 9. Be3 a6 10. a4 Qb6 11. Qc1 Ne5 12. Nxe5 Bxe5 13. Bxh5 gxh5 14. f4 Bf6 15. e5 Bg7 16. a5 Qd8 17. Ra4 Bd7 18. Ra3 Rc8 19. Qe1 dxe5 20. fxe5 Bxe5 21. Bh6 Bd4+ 22. Kh1 Re8 23. Qg3+ Kh8 24. Rxf7 Rg8 25. Qd3 Bg7 26. Ra1 Be8 27. Bxg7+ Rxg7 28. Rf8+ Rg8 29. Raf1 Qd6 30. Ne4 Qg6 31. Qc3+ Qg7 32. Rxg8+ Kxg8 33. Qxg7+ Kxg7 34. d6 Bc6 35. Nxc5 exd6 36. Ne6+ Kg8 37. h4 Bd7 38. Nd4 Rc4 39. c3 Ra4 40. b4 Ra3 41. Rf3 Bg4 42. Rd3 Kf7 43. Kh2 Kf6 44. Nc2 Ra2 45. Ne3 Ke5 46. Nc4+ Ke4 47. Rd4+ Kf5 48. Nxd6+ Ke5 49. Nc4+ Kf5 50. Kg3 Be2 51. Nd6+ Ke5 52. Nc4+ Bxc4 53. Rxc4 Kf6 54. Rc5 Kg6 55. Rg5+ Kh6 56. Rc5 Rd2 57. Rc7 Kg6 58. Rxb7 Rd3+ 59. Kf2 Rd6 60. Rb6 1-0

[Event "FIDE World Rapid-ch Open 2018"]
[White "Al Turky, Fahad A"]
[Black "Shubin, Kirill"]
[Site "St. Petersburg"]
[Round "10.100"]
[Annotator "NA"]
[Result "0-1"]
[Date "2018.12.27"]
[WhiteElo "1836"]
[BlackElo "2334"]
[PlyCount "128"]
[TimeControl "900+10"]

1. e4 e6 2. d4 d5 3. exd5 exd5 4. Nf3 Nc6 5. Bd3 Nge7 6. 0-0 Bf5 7. Re1 Bxd3 8. Qxd3 Qd7 9. Bf4 0-0-0 10. Nbd2 Ng6 11. Bg3 h5 12. h3 h4 13. Bh2 Rh5 14. Ne5 Ncxe5 15. dxe5 Rf5 16. Nf3 Bc5 17. Nd4 Bxd4 18. Qxd4 Kb8 19. Rad1 Qe6 20. c4 c6 21. cxd5 Rxd5 22. Qa4 Rg5 23. Rxd5 cxd5 24. Kh1 Rh5 25. Qg4 Rh7 26. Qg5 Ne7 27. Rc1 g6 28. Qf4 Nf5 29. Qg5 Rh8 30. Qd2 Ne7 31. Qa5 Nc6 32. Qc5 Rd8 33. b4 Rd7 34. b5 Ne7 35. a4 d4 36. a5 d3 37. b6 d2 38. bxa7+ Ka8 39. Rd1 Qb3 40. Rxd2 Rxd2 41. Qxe7 Rd1+ 42. Bg1 Qb1 43. Qf8+ Kxa7 44. Qc5+ Ka6 45. Qc4+ Qb5 46. Qxf7 Qf1 47. Qe6+ Kxa5 48. Qa2+ Kb6 49. Qe6+ Ka7 50. Qa2+ Qa6 51. Qc2 Qa1 52. Qc5+ b6 53. Qc7+ Ka6 54. Qc8+ Kb5 55. Qe8+ Kb4 56. Qe7+ Ka5 57. Qa7+ Kb5 58. Qxa1 Rxa1 59. Kh2 Kc6 60. f4 b5 61. Be3 b4 62. Bd4 Rd1 63. Bb2 Kd5 64. g3 Rd2+ 0-1

[Event "FIDE World Rapid-ch Open 2018"]
[White "khayat, Abdullah F"]
[Black "Danielyan, Vahe"]
[Site "St. Petersburg"]
[Round "10.101"]
[Annotator "NA"]
[Result "0-1"]
[Date "2018.12.27"]
[WhiteElo "1723"]
[BlackElo "2220"]
[PlyCount "140"]
[TimeControl "900+10"]

1. d4 Nf6 2. g3 c5 3. c3 g6 4. Bg2 Bg7 5. e4 0-0 6. e5 Ne8 7. f4 cxd4 8. cxd4 d6 9. Nf3 dxe5 10. fxe5 Nc6 11. 0-0 Nc7 12. Nc3 Bg4 13. Be3 Qd7 14. Qc2 Bxf3 15. Bxf3 Nxd4 16. Bxd4 Qxd4+ 17. Kh1 Qxe5 18. Bxb7 Rab8 19. Bg2 Qa5 20. Rae1 Rxb2 21. Qxb2 Bxc3 22. Qe2 Bxe1 23. Rxe1 Ne6 24. Rd1 Rd8 25. Rf1 Qd2 26. Qf3 Rf8 27. Qb3 Nc5 28. Qa3 Nd3 29. Qxa7 e5 30. a4 Qe2 31. Kg1 e4 32. a5 e3 33. Qd4 Qd2 34. Be4 e2 35. Qxd3 exf1=Q+ 36. Kxf1 Qxa5 37. Kg2 Rd8 38. Qb1 Rd2+ 39. Kg1 Qa7+ 40. Kh1 Rd8 41. Bg2 Qd4 42. h4 Qd1+ 43. Qxd1 Rxd1+ 44. Kh2 Kg7 45. Kh3 f5 46. Bf3 Rd2 47. Bb7 Kf6 48. Bc6 h6 49. Ba8 Ke5 50. Bb7 Rb2 51. Ba8 Rb3 52. Kg2 f4 53. gxf4+ Kxf4 54. Bd5 Ra3 55. Bf7 Rc3 56. Kf2 Rc6 57. Kg2 Kg4 58. Be8 Rd6 59. Bb5 Kxh4 60. Kf2 g5 61. Kg2 g4 62. Kh2 Rd2+ 63. Kg1 Kg3 64. Kf1 h5 65. Ke1 Rb2 66. Bc6 h4 67. Kd1 h3 68. Kc1 Rg2 69. Kd1 h2 70. Bxg2 Kxg2 0-1